 Dungeon Crawl Stone Soup version 0.30-a0-632-g346586fe48 (webtiles) character file.

Game seed: 5154652646752978815

4 KennySheep the Grasshopper (level 1, -9/17 HPs)
             Began as a Demigod Warper on Jan 13, 2023.
             Mangled by a goblin
             ... wielding a +1 dagger of electrocution
              (15 damage)
             ... on level 1 of the Dungeon.
             The game lasted 00:01:08 (118 turns).

KennySheep the Grasshopper (Demigod Warper)          Turns: 118, Time: 00:01:09

Health: -9/17      AC:  3    Str: 12    XL:     1   Next: 46%
Magic:  5/5        EV: 11    Int: 15    God:
Gold:   17         SH:  0    Dex: 13    Spells: 3/3 levels left

rFire   . . .      SeeInvis .    a - +0 short sword
rCold   . . .      Faith    .    (no shield)
rNeg    . . .      Spirit   .    b - +0 leather armour
rPois   .          Reflect  .    (no helmet)
rElec   .          Harm     .    (no cloak)
rCorr   .          Rampage  .    (no gloves)
Will    .....                    (no boots)
Stlth   +                        (no amulet)
HPRegen 0.22/turn                (no ring)
MPRegen 0.09/turn                (no ring)

@: no status effects
A: high MP 1, forlorn, divine attributes
a: no special abilities


You were on level 1 of the Dungeon.
You visited 1 branch of the dungeon, and saw 1 of its levels.

You collected 17 gold pieces.

Inventory:

Hand Weapons
 a - a +0 short sword (weapon)
Missiles
 d - 7 boomerangs of dispersal (quivered)
Armour
 b - a +0 leather armour (worn)
Scrolls
 c - a scroll of blinking
 e - a scroll of fog {unknown}
 f - 2 scrolls of vulnerability


   Skills:
 - Level 1.7 Fighting
 - Level 1.7(1.8) Short Blades
 * Level 0.1(1.0) Long Blades
 - Level 0.5 Ranged Weapons
 - Level 1.1 Throwing
 - Level 0.8 Armour
 - Level 1.7 Dodging
 - Level 1.7 Spellcasting
 - Level 2.6 Translocations


You had 3 spell levels left.
You didn't know any spells.
Your spell library contained the following spells:

 Spells                   Type           Power      Damage    Failure   Level
 Blink                    Tloc           18%        N/A       14%         2
 Lesser Beckoning         Tloc           18%        N/A       28%         3
 Teleport Other           Tloc           9%         N/A       28%         3
 Vhi's Electric Charge    Tloc/Air       10%        N/A       45%         3
 Manifold Assault         Tloc           9%         N/A       67%         4


Dungeon Overview and Level Annotations

Branches:
Dungeon (1/15)

Shops:
D:1 (


Innate Abilities, Weirdness & Mutations

You have an increased reservoir of magic. (+10% MP)
You shall have no god before yourself.
Your divine heritage dramatically boosts your attributes as you level up.


Message History

You hit the dart slug.
The dart slug is almost dead.
You hit the dart slug.
You kill the dart slug!
There is an entrance to Pekh's Antique Weapon Emporium here.
You can access your shopping list by pressing '$'.
HP restored.
You enter the shallow water.
Moving in this stuff is going to be slow.
f - 3 scrolls labelled DAOFAD VAIROSAU A bat comes into view.
Found a scale mail.
The bat hits you but does no damage. The bat hits you but does no damage.
The bat closely misses you. The bat hits you but does no damage.
You hit the bat.
You kill the bat!
No target in view!
No target in view!
As you read the scroll labelled DAOFAD VAIROSAU, it crumbles to dust.
Magic quickly surges around you.
It was a scroll of vulnerability.
You see here a +0 scale mail.
Found a stone staircase leading down.
Found a stone staircase leading down.
Found 2 stones.
You feel your willpower return.
A goblin comes into view.
It is wielding a +1 dagger of electrocution.
The goblin shouts!
The goblin moves out of view.
A goblin is nearby!
A goblin is nearby!
A kobold comes into view. It is wielding a +0 short sword.
You barely miss the goblin. You barely miss the goblin.
The goblin hits you with a +1 dagger of electrocution.
You are electrocuted!
Ouch! That really hurt!
You closely miss the goblin. The goblin hits you but does no damage.
You are electrocuted!
Ouch! That really hurt!
You die...

............. .#
...........####.#
......######....#
##.#.....(.......
..>..####....#
.............#
....#####....#####
....# ####.....#
....# ##.##@#
....# #.##g# ....#
#.##.. ....#
#.##.#K ....#
#.##.#.. ....#
#.#..# .. #.....
... #..... ##.


You could see a goblin and a kobold.

Vanquished Creatures
  A dart slug (D:1)
  A hobgoblin (D:1)
  A bat (D:1)
3 creatures vanquished.

Notes
Turn   | Place    | Note
-------+----------+-------------------------------------------
     0 | D:1      | KennySheep the Demigod Warper began the quest for the Orb.
     0 | D:1      | Reached XP level 1. HP: 17/17 MP: 5/5
    15 | D:1      | Found Pekh's Antique Weapon Emporium.
    32 | D:1      | Reached skill level 1 in Throwing
   118 | D:1      | Mangled by a goblin

Illustrated notes

Levels and vault maps discovered:
D:1:      scummos_arrival_checkerplants, layout_basic, serial_shops,
          nicolae_shop_waterfront, minmay_pentomino_s4

Skill      XL: |  1 |
---------------+----+-----
Throwing       | 1 |  1.1
Fighting       | |  1.7
Short Blades   | |  1.7
Long Blades    | |  0.1
Ranged Weapons | |  0.5
Armour         | |  0.8
Dodging        | |  1.7
Spellcasting   | |  1.7
Translocations | |  2.6

Action                   || total
-------------------------++-------
Melee: Short sword       ||    19
  Use: Scroll            ||     1
Armor: Leather armour    ||     5
Dodge: Dodged            ||     4

Table legend: (Time is in decaauts)
 A = Elapsed time spent in this place.
 B = Non-inter-level travel time spent in this place.
 C = Inter-level travel time spent in this place.
 D = Time resting spent in this place.
 E = Time spent auto-exploring this place.
 F = Levels seen in this place.
 G = Mean time per level.
                   A        B        C        D        E       F      G
               +--------+--------+--------+--------+--------+-----+--------+
         Total |    116 |    116 |      0 |      0 |     75 |   1 |  116.0 |
       Dungeon |    116 |    116 |      0 |      0 |     75 |   1 |  116.0 |
               +--------+--------+--------+--------+--------+-----+--------+

Top non-repeatable levels by time:
     D:1: 116 daAuts
